[ AOE2 MATCH · #494031869 ]
UnrankedTeutons vs Cumans
Player's team · LOSS
Rival team · WIN
[ REPLAY ANALYSIS · EXTRACTED FROM THE RECORDED GAME ]
Feudal
9:01
Castle
22:41
Imperial
—
| APM avg | 57.5 |
| APM peak | 112 |
| eAPM avg | 30.7 |
| Villagers / military | 138 / 52 |
Focus
⚔️ 29.3% · 🌾 70.7%
Knight ×40 · Monk ×5 · Mangonel ×4 · Teutonic Knight ×3
Feudal
8:46
Castle
23:54
Imperial
34:46
| APM avg | 43.2 |
| APM peak | 96 |
| eAPM avg | 23.5 |
| Villagers / military | 144 / 52 |
Focus
⚔️ 40.4% · 🌾 59.6%
Kipchak ×44 · Trebuchet (Packed) ×6 · Battering Ram ×2
Match map
Initial resources + every placement click. Lines = walls · curves = elevation contours. ◆ gold · ⬟ stone · ● berries · ✦ relic · ◌ wall gap
Your base· ✓ Closed at 22:41 · 0t walls · 2 gate(s)
WakoTabacco's base· ✓ Closed at 23:54 · 1t walls · 2 gate(s)
Smoothed initial terrain · ◌ = detected wall gap · hover for details
Inputs per minute
— yu - - WakoTabacco
Build order — yu
First 150 of 374 actions detected
| 0:00 | Create | Villager (Male) |
| 0:01 | Create | Villager (Male) |
| 0:02 | Build | House |
| 0:03 | Build | House |
| 0:14 | Create | Villager (Male) |
| 0:27 | Create | Villager (Male) |
| 0:27 | Create | Villager (Male) |
| 1:33 | Create | Villager (Male) |
| 1:33 | Create | Villager (Male) |
| 1:45 | Build | Lumber Camp |
| 2:08 | Create | Villager (Male) |
| 2:08 | Create | Villager (Male) |
| 3:05 | Create | Villager (Male) |
| 3:06 | Create | Villager (Male) |
| 3:25 | Create | Villager (Male) |
| 3:33 | Create | Villager (Male) |
| 3:33 | Create | Villager (Male) |
| 4:00 | Build | House |
| 4:08 | Create | Villager (Male) |
| 4:26 | Build | Mill |
| 4:55 | Create | Villager (Male) |
| 5:33 | Create | Villager (Male) |
| 5:59 | Create | Villager (Male) |
| 6:26 | Create | Villager (Male) |
| 6:41 | Research | Feudal Age |
| 6:58 | Build | Mining Camp |
| 7:46 | Build | House |
| 8:22 | Create | Villager (Male) |
| 8:30 | Build | House |
| 8:51 | Research | Loom |
| 9:01 | Age | Feudal Age |
| 9:05 | Build | Watch Tower |
| 9:08 | Create | Villager (Male) |
| 9:10 | Research | Double-Bit Axe |
| 9:11 | Research | Double-Bit Axe |
| 9:14 | Build | House |
| 9:31 | Create | Villager (Male) |
| 9:41 | Create | Villager (Male) |
| 9:56 | Create | Villager (Male) |
| 10:29 | Build | Watch Tower |
| 10:38 | Research | Town Watch |
| 10:44 | Create | Villager (Male) |
| 11:31 | Create | Villager (Male) |
| 11:31 | Create | Villager (Male) |
| 11:38 | Build | Farm |
| 11:50 | Create | Villager (Male) |
| 11:58 | Build | Farm |
| 11:59 | Build | Farm |
| 12:05 | Build | Watch Tower |
| 12:10 | Build | House |
| 12:29 | Build | House |
| 12:30 | Build | House |
| 12:40 | Create | Villager (Male) |
| 12:41 | Create | Villager (Male) |
| 12:44 | Build | Farm |
| 13:08 | Build | Watch Tower |
| 13:10 | Create | Villager (Male) |
| 13:13 | Build | Farm |
| 13:13 | Build | Farm |
| 13:16 | Create | Villager (Male) |
| 13:45 | Create | Villager (Male) |
| 14:02 | Build | Watch Tower |
| 14:03 | Create | Villager (Male) |
| 14:13 | Build | Blacksmith |
| 14:49 | Build | Farm |
| 14:53 | Build | Farm |
| 14:59 | Build | House |
| 15:01 | Research | Fletching |
| 15:01 | Research | Fletching |
| 15:05 | Create | Villager (Male) |
| 15:13 | Create | Villager (Male) |
| 15:28 | Build | Mining Camp |
| 15:30 | Create | Villager (Male) |
| 15:51 | Build | Watch Tower |
| 15:53 | Create | Villager (Male) |
| 16:04 | Create | Villager (Male) |
| 16:07 | Build | Farm |
| 16:07 | Create | Villager (Male) |
| 16:46 | Create | Villager (Male) |
| 16:46 | Create | Villager (Male) |
| 17:00 | Create | Villager (Male) |
| 17:41 | Build | Market |
| 18:04 | Build | Watch Tower |
| 18:25 | Create | Villager (Male) |
| 18:29 | Build | Farm |
| 18:35 | Create | Villager (Male) |
| 18:39 | Build | House |
| 18:51 | Build | Farm |
| 18:52 | Build | Farm |
| 18:52 | Create | Villager (Male) |
| 19:18 | Create | Villager (Male) |
| 20:01 | Research | Castle Age |
| 20:21 | Build | Watch Tower |
| 20:26 | Create | Villager (Male) |
| 21:37 | Build | House |
| 21:42 | Create | Villager (Male) |
| 21:55 | Build | Mining Camp |
| 22:00 | Build | Farm |
| 22:41 | Age | Castle Age |
| 22:44 | Build | Siege Workshop |
| 22:58 | Build | Barracks |
| 23:04 | Create | Villager (Male) |
| 23:14 | Create | Mangonel |
| 23:25 | Research | Bow Saw |
| 23:25 | Research | Bow Saw |
| 23:44 | Create | Villager (Male) |
| 23:46 | Create | Villager (Male) |
| 23:57 | Create | Mangonel |
| 24:28 | Create | Mangonel |
| 24:43 | Create | Mangonel |
| 25:06 | Create | Villager (Male) |
| 25:18 | Create | Villager (Male) |
| 25:33 | Build | Monastery |
| 25:53 | Build | Monastery |
| 25:54 | Create | Villager (Male) |
| 25:55 | Build | Farm |
| 25:56 | Create | Villager (Male) |
| 25:58 | Build | Farm |
| 25:59 | Create | Monk |
| 26:04 | Create | Villager (Male) |
| 26:11 | Build | Town Center |
| 26:11 | Create | Villager (Male) |
| 26:13 | Create | Monk |
| 26:16 | Build | House |
| 26:20 | Create | Villager (Male) |
| 26:25 | Build | House |
| 26:52 | Create | Monk |
| 26:53 | Create | Villager (Male) |
| 26:55 | Build | Farm |
| 26:56 | Build | Farm |
| 26:56 | Create | Villager (Male) |
| 27:03 | Build | Castle |
| 27:07 | Create | Villager (Male) |
| 27:27 | Create | Villager (Male) |
| 27:54 | Create | Villager (Male) |
| 27:58 | Create | Villager (Male) |
| 28:01 | Research | Sanctity |
| 28:15 | Create | Villager (Male) |
| 28:19 | Build | Mining Camp |
| 28:19 | Create | Villager (Male) |
| 28:34 | Build | House |
| 28:46 | Create | Villager (Male) |
| 28:49 | Build | Town Center |
| 28:52 | Create | Villager (Male) |
| 28:55 | Build | Town Center |
| 29:02 | Build | House |
| 29:29 | Create | Villager (Male) |
| 29:38 | Build | Farm |
| 29:38 | Build | Farm |
| 29:51 | Create | Villager (Male) |
Build order — WakoTabacco
First 150 of 323 actions detected
| 0:00 | Create | Villager (Male) |
| 0:01 | Create | Villager (Male) |
| 0:02 | Build | House |
| 0:04 | Build | House |
| 0:17 | Create | Villager (Male) |
| 0:17 | Create | Villager (Male) |
| 1:34 | Build | Lumber Camp |
| 1:41 | Create | Villager (Male) |
| 1:41 | Create | Villager (Male) |
| 1:46 | Build | Lumber Camp |
| 2:20 | Create | Villager (Male) |
| 2:20 | Create | Villager (Male) |
| 2:20 | Create | Villager (Male) |
| 2:40 | Create | Villager (Male) |
| 2:40 | Create | Villager (Male) |
| 3:35 | Create | Villager (Male) |
| 3:35 | Create | Villager (Male) |
| 3:35 | Create | Villager (Male) |
| 3:47 | Build | House |
| 4:08 | Build | House |
| 4:20 | Create | Villager (Male) |
| 5:04 | Create | Villager (Male) |
| 5:05 | Create | Villager (Male) |
| 5:17 | Build | Mill |
| 6:11 | Create | Villager (Male) |
| 6:36 | Research | Feudal Age |
| 6:36 | Research | Feudal Age |
| 7:41 | Create | Villager (Male) |
| 7:59 | Create | Villager (Male) |
| 8:46 | Age | Feudal Age |
| 8:48 | Create | Villager (Male) |
| 8:54 | Build | Town Center |
| 9:15 | Create | Villager (Male) |
| 9:18 | Create | Villager (Male) |
| 9:30 | Build | House |
| 9:32 | Build | House |
| 9:45 | Create | Villager (Male) |
| 9:46 | Create | Villager (Male) |
| 9:52 | Research | Loom |
| 10:00 | Create | Villager (Male) |
| 10:09 | Build | House |
| 10:15 | Create | Villager (Male) |
| 10:15 | Create | Villager (Male) |
| 10:39 | Create | Villager (Male) |
| 10:41 | Create | Villager (Male) |
| 10:47 | Create | Villager (Male) |
| 10:48 | Create | Villager (Male) |
| 11:19 | Create | Villager (Male) |
| 11:22 | Create | Villager (Male) |
| 11:53 | Research | Horse Collar |
| 11:53 | Research | Horse Collar |
| 12:14 | Build | House |
| 12:57 | Create | Villager (Male) |
| 12:57 | Create | Villager (Male) |
| 12:57 | Create | Villager (Male) |
| 12:59 | Build | Farm |
| 13:00 | Build | Farm |
| 13:22 | Build | Watch Tower |
| 13:41 | Create | Villager (Male) |
| 13:42 | Create | Villager (Male) |
| 13:54 | Build | Farm |
| 13:58 | Build | Farm |
| 14:19 | Create | Villager (Male) |
| 14:19 | Create | Villager (Male) |
| 14:26 | Build | Watch Tower |
| 14:32 | Build | House |
| 14:40 | Build | House |
| 14:45 | Create | Villager (Male) |
| 14:57 | Build | Farm |
| 15:11 | Create | Villager (Male) |
| 15:14 | Build | Farm |
| 15:19 | Create | Villager (Male) |
| 15:19 | Create | Villager (Male) |
| 15:22 | Build | Farm |
| 15:34 | Create | Villager (Male) |
| 15:41 | Create | Villager (Male) |
| 15:47 | Build | Farm |
| 15:48 | Create | Villager (Male) |
| 16:01 | Build | Farm |
| 16:02 | Build | Farm |
| 16:03 | Create | Villager (Male) |
| 16:07 | Build | Farm |
| 16:35 | Build | Farm |
| 16:36 | Build | Farm |
| 16:51 | Build | Farm |
| 16:53 | Create | Villager (Male) |
| 16:54 | Create | Villager (Male) |
| 17:05 | Create | Villager (Male) |
| 17:08 | Build | Mill |
| 17:20 | Build | Farm |
| 17:21 | Build | Farm |
| 17:27 | Create | Villager (Male) |
| 17:27 | Create | Villager (Male) |
| 17:39 | Create | Villager (Male) |
| 17:40 | Create | Villager (Male) |
| 17:43 | Build | House |
| 18:00 | Create | Villager (Male) |
| 18:02 | Build | Mining Camp |
| 18:36 | Build | Farm |
| 18:37 | Build | Farm |
| 18:38 | Build | Farm |
| 18:39 | Build | Farm |
| 18:41 | Build | Farm |
| 18:42 | Create | Villager (Male) |
| 18:42 | Create | Villager (Male) |
| 19:07 | Build | House |
| 19:08 | Build | House |
| 19:15 | Build | Watch Tower |
| 19:22 | Create | Villager (Male) |
| 19:22 | Create | Villager (Male) |
| 20:05 | Build | Blacksmith |
| 20:10 | Create | Villager (Male) |
| 20:10 | Create | Villager (Male) |
| 20:11 | Create | Villager (Male) |
| 20:35 | Build | Lumber Camp |
| 20:48 | Build | Market |
| 21:06 | Build | Lumber Camp |
| 21:14 | Research | Castle Age |
| 21:15 | Research | Castle Age |
| 21:27 | Create | Villager (Male) |
| 21:29 | Create | Villager (Male) |
| 21:36 | Build | House |
| 21:37 | Build | Palisade Wall |
| 21:45 | Create | Villager (Male) |
| 21:56 | Create | Villager (Male) |
| 22:03 | Build | House |
| 22:08 | Research | Fletching |
| 22:08 | Research | Fletching |
| 22:32 | Research | Stone Mining |
| 22:32 | Research | Stone Mining |
| 22:36 | Research | Double-Bit Axe |
| 22:37 | Research | Double-Bit Axe |
| 22:56 | Research | Stone Mining |
| 22:56 | Research | Stone Mining |
| 22:59 | Research | Gold Mining |
| 23:00 | Research | Gold Mining |
| 23:19 | Research | Wheelbarrow |
| 23:32 | Create | Villager (Male) |
| 23:32 | Create | Villager (Male) |
| 23:47 | Create | Villager (Male) |
| 23:47 | Create | Villager (Male) |
| 23:54 | Age | Castle Age |
| 23:59 | Build | Castle |
| 24:08 | Research | Bow Saw |
| 24:09 | Research | Bow Saw |
| 24:57 | Create | Villager (Male) |
| 24:57 | Create | Villager (Male) |
| 25:13 | Create | Kipchak |
| 25:13 | Create | Kipchak |
| 25:15 | Create | Villager (Male) |
Match timeline
| 8:46 | WakoTabacco · age_up feudal |
| 9:01 | yu · age_up feudal |
| 19:47 | yu · first_market_buy 100 food |
| 19:57 | yu · first_market_sell 100 wood |
| 21:37 | WakoTabacco · wall_segment Palisade Wall x1 |
| 22:41 | yu · age_up castle |
| 22:44 | yu · first_building Siege Workshop |
| 22:58 | yu · first_building Barracks |
| 23:54 | WakoTabacco · age_up castle |
| 23:59 | WakoTabacco · first_building Castle |
| 24:07 | WakoTabacco · first_market_buy 100 food |
| 25:33 | yu · first_building Monastery |
| 25:58 | WakoTabacco · first_building Siege Workshop |
| 27:03 | yu · first_building Castle |
| 34:46 | WakoTabacco · age_up imperial |
| 35:08 | yu · first_building Stable |
| 39:27 | WakoTabacco · first_building Barracks |
| 40:17 | WakoTabacco · first_building Archery Range |
| 40:22 | WakoTabacco · first_building Stable |
| 40:53 | yu · resign |
[ AI ANALYSIS · 1 CREDIT ]
What really happened in this match?
Wolo.gg analyzes every decision: build order, eco, micro, common mistakes by bracket. Personalized analysis on WhatsApp or Discord in 30 seconds.
Civ guide
Teutons
Perfil
yu